 Dungeon Crawl Stone Soup version 0.26.1-2-gb8aa6d0cf2 (webtiles) character file.

Game seed: 11707993506611557161

1831 mrmissouri25 the Grappler (level 8, -9/78 HPs)
             Began as a Troll Berserker on Mar 11, 2021.
             Was a Priest of Trog.
             Mangled by Joseph
             ... wielding a +0 quarterstaff
              (14 damage)
             ... on level 8 of the Dungeon.
             The game lasted 00:37:51 (3752 turns).

mrmissouri25 the Grappler (Troll Berserker)         Turns: 3752, Time: 00:37:54

Health: -9/78      AC:  8    Str: 28      XL:     8   Next: 86%
Magic:  7/7        EV:  6    Int:  3      God:    Trog [***...]
Gold:   240        SH:  0    Dex:  7 (9)  Spells: 7/7 levels left

rFire    . . .     SeeInvis .   t - +1 dagger (distort)
rCold    . . .     Faith    .   (no shield)
rNeg     + . .     Spirit   .   u - +2 robe {rN+}
rPois    .         Reflect  .   (helmet restricted)
rElec    .         Harm     .   (no cloak)
rCorr    +         Rampage  .   (gloves unavailable)
Will     ++...                  (boots unavailable)
Stlth    +.........             (no amulet)
HPRegen  1.63/turn              d - ring of resist corrosion {Booty}
MPRegen  0.10/turn              (no ring)

@: berserk cooldown, held, regenerating, slowed, very slow
A: large, unfitting armour, claws 3, regeneration 1, shaggy fur 1, tough skin 3
a: Renounce Religion, Berserk, Trog's Hand


You were on level 8 of the Dungeon.
You worshipped Trog.
Trog was most pleased with you.
You visited 2 branches of the dungeon, and saw 9 of its levels.

You collected 240 gold pieces.

Inventory:

Hand Weapons
 e - a +0 whip
 t - a +1 dagger of distortion (weapon)
Armour
 a - a +0 animal skin
 i - a +1 robe
 j - a cursed +0 leather armour
 k - a +0 leather armour
 m - a cursed +0 chain mail
 u - a +2 robe of positive energy (worn)
Jewellery
 d - a ring of resist corrosion (left claw) {Booty}
Wands
 q - a wand of flame (10)
Scrolls
 c - 5 scrolls of teleportation
 g - a scroll of identify {unknown}
 h - a scroll of immolation {unknown}
 n - 3 scrolls of enchant weapon {unknown}
 o - a scroll of random uselessness {unknown}
 p - 3 scrolls of magic mapping {unknown}
Potions
 b - a potion of brilliance
 f - a potion of flight {unknown}
 l - a potion of cancellation
 r - a potion of ambrosia {unknown}
 s - a potion of curing


   Skills:
 + Level 3.9 Fighting
 + Level 0.3 Short Blades
 + Level 5.3 Dodging
 + Level 1.5 Stealth
 + Level 9.2 Unarmed Combat


You had 7 spell levels left.
You didn't know any spells.
Your spell library was empty.

Dungeon Overview and Level Annotations

Branches:
Dungeon (8/15)             Temple (1/1) D:7
   Lair: D:8-11

Altars:
Ashenzari
Cheibriados
Elyvilon
Fedhas
Gozag
Hepliaklqana
Makhleb
Nemelex Xobeh
Okawaru
Qazlal
Sif Muna
Trog
Uskayaw
Vehumet
Xom
Yredelemnul
Zin

Annotations:
D:8 Harold, Joseph


Innate Abilities, Weirdness & Mutations

You are too large for most types of armour.
You have claws for hands.
Your natural rate of healing is unusually fast.
You are covered in fur. (AC +1)
You have extremely tough skin. (AC +3)


Message History

The quasit closely misses you. x2
The quasit claws you but does no damage.
You hit Joseph.
Space bends around Joseph.
Joseph is lightly wounded.
The hound zombie bites you but does no damage.
The quasit bites you but does no damage.
The quasit completely misses you. The quasit barely misses you.
The orc hits you but does no damage. Joseph hits you with a +0 quarterstaff.
* * * LOW HITPOINT WARNING * * *
The quasit bites you but does no damage.
The quasit misses you.
The quasit claws you but does no damage.
Joseph completely misses you. The orc misses you.
The quasit closely misses you. x2
The quasit claws you but does no damage.
Harold throws a throwing net.
The throwing net hits you.
You become entangled in the net!
The quasit closely misses you.
The quasit claws you but does no damage.
The quasit barely misses you. Joseph hits you with a +0 quarterstaff!
You die...

##.. ##... ##########
#.... .........# #._..
.........# # #....
.........# #. ##...
.........# #.. ##..
#..####(.# #... ###
#..####@o##'####....##..
.....[5o@o..............
......Z@...............†
........................
#...###..#####....####..
#...###..##.##....######
........................
........................
........................


You could see Harold, Joseph, a quasit, 3 orcs and a hound zombie.

Vanquished Creatures
  Psyche (D:8)
  A hornet (D:8)
  A black bear (D:7)
  A phantom (D:6)
  An orc warrior (D:7)
  A sky beast (D:8)
  2 eyes of draining (D:8)
  2 bullfrogs (D:6)
  A wyvern skeleton (D:7)
  3 howler monkeys (D:8)
  3 jellies (D:3)
  A hound (D:8)
  3 worker ants
  5 gnolls
  A howler monkey skeleton (D:7)
  5 adders
  A shadow imp (D:8)
  6 oozes (D:3)
  An adder skeleton (D:4)
  2 worms (D:2)
  3 dart slugs (D:1)
  3 leopard geckos
  3 orcs (D:7)
  9 bats
  2 giant cockroaches
  5 goblins
  12 hobgoblins
  16 kobolds
  A quokka (D:7)
  8 frilled lizards
  3 rats
  3 toadstools (D:3)
110 creatures vanquished.

Vanquished Creatures (others)
  8 fungi (D:3)
  9 plants (Temple)
  3 toadstools (D:3)
20 creatures vanquished.

Grand Total: 130 creatures vanquished

Notes
Turn   | Place    | Note
-------+----------+-------------------------------------------
     0 | D:1      | mrmissouri25 the Troll Berserker began the quest for the
                  | Orb.
     0 | D:1      | Reached XP level 1. HP: 22/22 MP: 0/0
    96 | D:1      | Reached XP level 2. HP: 29/29 MP: 1/1
   281 | D:1      | Reached ** piety under Trog
   302 | D:1      | Reached XP level 3. HP: 36/36 MP: 2/2
   597 | D:2      | Found a faded altar of an unknown god.
   620 | D:2      | Found a glowing silver altar of Zin.
   656 | D:2      | Found a radiant altar of Vehumet.
  1000 | D:2      | Found an opulent altar of Gozag.
  1040 | D:2      | Reached XP level 4. HP: 44/44 MP: 3/3
  1209 | D:2      | Reached skill level 4 in Unarmed Combat
  1430 | D:3      | Reached *** piety under Trog
  1433 | D:3      | Reached XP level 5. HP: 40/52 MP: 4/4
  1447 | D:3      | Reached skill level 5 in Unarmed Combat
  1667 | D:3      | Found a blossoming altar of Fedhas.
  2049 | D:4      | Found a blossoming altar of Fedhas.
  2221 | D:5      | Entered Level 5 of the Dungeon
  2262 | D:6      | Reached XP level 6. HP: 55/61 MP: 5/5
  2306 | D:6      | Identified the +0 leather armour "Orecani" {*Drain Str+5}
  2319 | D:6      | Found a stormy altar of Qazlal.
  2340 | D:6      | Reached skill level 6 in Unarmed Combat
  2358 | D:6      | Reached XP level 7. HP: 43/67 MP: 6/6
  2695 | D:7      | Found a staircase to the Ecumenical Temple.
  2703 | Temple   | Entered the Ecumenical Temple
  3016 | D:7      | Reached skill level 1 in Stealth
  3248 | D:8      | Found a bloodstained altar of Trog.
  3253 | D:8      | Reached skill level 7 in Unarmed Combat
  3349 | D:8      | Noticed a hornet
  3352 | D:8      | Reached XP level 8. HP: 75/75 MP: 7/7
  3353 | D:8      | Paralysed by a hornet for 3 turns
  3358 | D:8      | Killed a hornet
  3359 | D:8      | Reached skill level 8 in Unarmed Combat
  3455 | D:8      | Noticed Psyche
  3472 | D:8      | HP: 3/75 [something/puff of frost (5)]
  3473 | D:8      | Killed Psyche
  3474 | D:8      | Reached skill level 5 in Dodging
  3726 | D:8      | Reached skill level 9 in Unarmed Combat
  3743 | D:8      | Noticed Joseph
  3747 | D:8      | Noticed Harold
  3751 | D:8      | HP: 2/78 [Joseph/+0 quarterstaff (6)]
  3752 | D:8      | Mangled by Joseph

Illustrated notes

Levels and vault maps discovered:
D:1:      dpeg_arrival_ternary, layout_loops_ring, serial_glass,
          glass_columns_a, glass_columns_b, minmay_octomino_c4
D:2:      layout_loops_corners, lemuel_doored_altar,
          nicolae_overflow_crystal_walls, nicolae_overflow_hidden_temple,
          chequers_ecumenical_altar_simple_redux
D:3:      cheibrodos_fertilizer, layout_basic, minmay_door_square,
          kennysheep_cluttered_room, roderic_lattice_a, fedhas_ov_isle_minmay
D:4:      layout_gridville, old_standard_altar, uniq_eustachio
D:5:      layout_cave_pools, general_overflow_altar,
          chequers_temple_overflow_minitemple, serial_shops,
          nicolae_shop_overgrown_old_shop, corexii_shack, uniq_duvessa
D:6:      layout_rooms, tso_metal_star, lemuel_crystal_altar, uniq_grinder
D:7:      layout_rooms, minmay_temple_entry_junction, kennysheep_generic_room_9
D:8:      layout_gridville, trog_eyes_of_draining, uniq_harold, uniq_joseph,
          uniq_psyche
Temple:   minmay_temple_curvy_loop

Skill      XL: |  1  2  3  4  5  6  7  8 |
---------------+-------------------------+-----
Dodging        | 3 4 5 |  5.3
Unarmed Combat | 4 5 6 7 9 |  9.2
Fighting       | 3 |  3.9
Stealth        | 1 |  1.5
Short Blades   | |  0.3

Action                   |  1- 3 |  4- 6 |  7- 9 || total
-------------------------+-------+-------+-------++-------
Melee: Unarmed           |   105 |   153 |   122 ||   380
       Punch             |     2 |     4 |     6 ||    12
       Dagger            |       |       |    36 ||    36
Invok: Berserk           |     1 |       |     3 ||     4
       Trog's Hand       |       |       |     2 ||     2
  Use: Scroll            |     2 |     1 |       ||     3
       Potion            |       |     6 |       ||     6
 Stab: Sleeping          |     1 |     1 |     1 ||     3
Armor: Animal skin       |    30 |       |       ||    30
       Robe              |     5 |    49 |    58 ||   112
Dodge: Dodged            |    60 |    67 |   106 ||   233
